[Event "Early-Titled-Tuesday-Blitz-February-06-2024"]
[Site "Chess.com"]
[Date "2024.02.06"]
[Round "8"]
[White "Der_Balak_3Halak"]
[Black "wild3000"]
[Result "1-0"]
[WhiteElo "2509"]
[BlackElo "2365"]
[TimeControl "180+1"]
[EndTime "9:29:41 PST"]
[Termination "Der_Balak_3Halak won on time"]

1. Nf3 d5 2. g3 e6 3. Bg2 Nf6 4. O-O Be7 5. d3 O-O 6. Bf4 b6 7. Re1 Bb7 8. Nbd2 Nbd7 9. e4 c5 10. Ne5 Nxe5 11. Bxe5 Nd7 12. Bf4 e5 13. exd5 exf4 14.
d6 Bxd6 15. Bxb7 Rb8 16. Bg2 Nf6 17. Ne4 Nxe4 18. Bxe4 Qg5 19. Kg2 h5 20. h4 Qh6 21.
Qf3 Rbe8 22. Re2 Re6 23. Rae1 Rf6 24. g4 hxg4 25. Qxg4 f3+ 26. Bxf3 Rf4 27. Qg5 Rxh4 28. Qxh6 Rxh6 29. Rh1 Rxh1 30. Kxh1 g6 31. Kg2 Kg7 32. Bd5 Kf6 33. c4 Be5 34. a3 Kf5 35. b4 f6 36. Kf3 g5 37. Re1 g4+ 38. Kg2 Bb2 39. bxc5 bxc5 40. Rb1 Bxa3 41. Ra1 Bb2 42. Rxa7 Rh8 43.
Re7 Be5 44. Be6+ Kf4 45. Rg7 f5 46. Rf7 Rh5 47. Rf8 Bd6 48. Rd8 Ke5 49. Bf7 Rh7 50. Re8+ Kf4 51. Bg6 Rg7 52. Re6 Be5 53. Rc6 Bd4 54. Rd6 Ra7 55. Rd5 Be5 56. Rxc5 Ra2 57. Rd5 g3 58. d4 Rxf2+ 59. Kg1 Kg5 60. Bxf5 Bxd4 61. Bd3+ Kf4 62. Rxd4+ Ke3 63. Rd5 Rd2 64. Be4 1-0

[Event "Early-Titled-Tuesday-Blitz-February-06-2024"]
[Site "Chess.com"]
[Date "2024.02.06"]
[Round "8"]
[White "EvgenyBurmakin"]
[Black "DonJuanEGenaro"]
[Result "1/2-1/2"]
[WhiteElo "2432"]
[BlackElo "2065"]
[TimeControl "180+1"]
[EndTime "9:29:45 PST"]
[Termination "Game drawn by stalemate"]

1. e4 c5 2. Nc3 Nc6 3. Bb5 Nd4 4.
Bc4 g6 5. Nf3 Bg7 6. Nxd4 Bxd4 7. Qf3 e6 8. Nb5 d6 9. Nxd4 cxd4 10. d3 Qf6 11. Qg3 Qe7 12. O-O h6 13. c3 dxc3 14.
bxc3 a6 15. Ba3 e5 16. f4 Be6 17. fxe5 Bxc4 18. exd6 Qe6 19. dxc4 Nf6 20. e5 Nh5 21. Qf3 O-O 22. Qxb7 Qxe5 23. d7 Rfb8 24. d8=Q+ Rxd8 25. Qxf7+ Kh8 26. Qxg6 Qe3+ 27. Kh1 Ng7 28. Bc1 Qe6 29.
Qxh6+ Qxh6 30. Bxh6 Rac8 31. Bg5 Rd3 32. Bf6 Rxc4 33.
h3 Kh7 34. Rab1 Nh5 35. Be5 Rd7 36. Kh2 Re4 37. Rf5 Kg6 38. Rbf1 Rd5 39. g4 Re2+ 40. Kg1 Rdxe5 41. gxh5+ Kh6 42. Rxe5 Rxe5 43. Rc1 Kxh5 44.
Rc2 Kh4 45. Kg2 Rc5 46. c4 a5 47. a4 Kg5 48. Kf3 Kf5 49. h4 Ke5 50. h5 Kd4 51. h6 Rh5 52. c5 Rxh6 53. c6 Rh8 54. c7 Rc8 55. Kf4 Kd5 56. Ke3 Kd6 57. Kd4 Rxc7 58.
Rxc7 Kxc7 59. Kc5 Kb7 60. Kb5 Ka7 61. Kxa5 Kb7 62. Kb5 Ka7 63. a5 Kb7 64. Kc5 Ka7 65. Kb5 Kb7 66. Kb4 Ka7 67. Ka4 Kb7 68. Kb5 Ka7 69.
a6 Kb8 70. Ka5 Ka8 71. Kb6 Kb8 72. Kb5 Ka8 73. Ka5 Kb8 74. Kb6 Ka8 75. Kc6 Kb8 76.
Kb5 Ka8 77. Kc5 Kb8 78. Kb6 Ka8 79. a7 1/2-1/2

[Event "Early-Titled-Tuesday-Blitz-February-06-2024"]
[Site "Chess.com"]
[Date "2024.02.06"]
[Round "8"]
[White "AldokhinIvan"]
[Black "AA95"]
[Result "1/2-1/2"]
[WhiteElo "2617"]
[BlackElo "2509"]
[TimeControl "180+1"]
[EndTime "9:29:51 PST"]
[Termination "Game drawn by repetition"]

1. e4 e5 2. Nf3 Nf6 3. d4 Nxe4 4.
Bd3 d5 5. Nxe5 Nd7 6. Qe2 Nxe5 7. Bxe4 dxe4 8. Qxe4 Bb4+ 9. Bd2 f5 10. Qxe5+ Kf7 11. O-O Re8 12. Qg3 Bd6 13. Qf3 Qh4 14. g3 Qg4 15. Qxg4 fxg4 16. Be3 Bf5 17. c3 Bd3 18. Rd1 Be2 19. Re1 Bd3 20. Nd2 c6 21. f3 Re6 22.
fxg4 Rae8 23. Bf2 Re2 24. Nf3 Kf8 25. b3 Rxe1+ 26. Rxe1 Rxe1+ 27. Bxe1 Bb1 28. a4 Bc2 29. Nd2 Bd1 30. h3 Ba3 31. b4 Bxa4 32. Nc4 Bc1 33. Bd2 Bb3 34. Bxc1 Bxc4 35. Kf2 b5 36. Kf3 Bd5+ 37. Kf4 Kf7 38. Ke5 h6 39. h4 Kg6 40.
h5+ Kf7 41. g5 hxg5 42. Bxg5 Kg8 43. g4 Kf7 44. Bf4 Kg8 45. Kf5 Bf3 46. Be5 Be2 47. Kg5 Kf7 48. Kh4 Bf3 49. g5 Be2 50. g6+ Kf8 51.
Kg5 Bc4 52. Kf5 Kg8 53. Bf4 Bd3+ 54. Ke6 Be2 55. h6 gxh6 56. Bxh6 Bf3 57. Kf6 Bd5 58. Bf4 Bc4 59. Be5 Bd5 60. g7 Be4 61. Ke7 Bd5 62. Kd6 Be4 63. Ke7 Bd5 64. Kf6 Bc4 65. Ke7 Bd5 1/2-1/2

[Event "Early-Titled-Tuesday-Blitz-February-06-2024"]
[Site "Chess.com"]
[Date "2024.02.06"]
[Round "8"]
[White "LikeWater"]
[Black "Juwen"]
[Result "0-1"]
[WhiteElo "2815"]
[BlackElo "2601"]
[TimeControl "180+1"]
[EndTime "9:29:53 PST"]
[Termination "Juwen won on time"]

1. e4 c5 2. c3 Nf6 3. e5 Nd5 4. Nf3 d6 5. exd6 Qxd6 6. d4 cxd4 7. cxd4 g6 8. Be2 Bg7 9. O-O O-O 10. Nc3 Nc6 11. Ne4 Qc7 12. Be3 Rd8 13. Rc1 Bf5 14. Nc5 Rac8 15. Qb3 b6 16. Na6 Qb7 17.
Qa4 Bd7 18. Bb5 Nf6 19. Rfd1 e6 20. Bf4 Nd5 21. Bg3 Na5 22. Bxd7 Rxd7 23. Rxc8+ Qxc8 24. Nc5 bxc5 25. Qxa5 cxd4 26. h4 Nb6 27. Qd2 d3 28.
Rc1 Qd8 29. Be5 h6 30. Bxg7 Kxg7 31. Rd1 Rd5 32. Qc3+ Qf6 33. Rxd3 Rxd3 34. Qxd3 Qxb2 35. Qa6 Qc1+ 36. Kh2 Qf4+ 37. Kg1 Qc7 38. Qa3 Nd5 39. Qb2+ Qc3 40. Qb8 a5 41. Ne5 Qe1+ 42. Kh2 Qxf2 43. Nf3 Qe3 44. Qd6 Qf4+ 45. Qxf4 Nxf4 46. Nd4 Nd5 47. a3 Kf6 48. Kg3 a4 49. Kf3 Nb6 50.
Nb5 Ke5 51. Ke3 f5 52. g3 g5 53. h5 Nd5+ 54. Kd3 f4 55. g4 Nf6 56. Nc3 Nxg4 57. Nxa4 f3 58. Nc3 Kf4 59. a4 Kg3 60. a5 Kg2 61. Ke4 f2 62. Nd1 f1=Q 0-1

[Event "Early-Titled-Tuesday-Blitz-February-06-2024"]
[Site "Chess.com"]
[Date "2024.02.06"]
[Round "8"]
[White "Kotofeyca"]
[Black "jaskol95"]
[Result "1-0"]
[WhiteElo "2431"]
[BlackElo "2576"]
[TimeControl "180+1"]
[EndTime "9:29:56 PST"]
[Termination "Kotofeyca won by checkmate"]

1. d4 d5 2. c4 e5 3. dxe5 d4 4. Nf3 Nc6 5. g3 Be6 6. Nbd2 Qd7 7. Qa4 O-O-O 8. a3 Kb8 9. b4 Nxe5 10. Qxd7 Nxf3+ 11. Nxf3 Rxd7 12. c5 g6 13. Bb2 Bg7 14. O-O-O Ne7 15.
Nxd4 Rhd8 16. e3 Bd5 17. Rg1 Bf3 18. Bh3 Bxd1 19. Bxd7 Rxd7 20. Rxd1 Kc8 21. Kc2 c6 22. h4 h5 23. Bc3 Nd5 24. Rd3 Re7 25. Bb2 Nc7 26.
Nf3 Bxb2 27. Kxb2 a5 28. Kb3 axb4 29. axb4 Nd5 30. Kc4 Kc7 31. Nd4 Re8 32. Ra3 b5+ 33. cxb6+ Nxb6+ 34. Kd3 Kb7 35. Rc3 Rc8 36. b5 c5 37. Nc6 c4+ 38. Kd4 Rc7 39. Rc1 Rd7+ 40. Kc5 Rd5+ 41. Kb4 Rd2 42. Ra1 Rb2+ 43. Kc5 Nd7+ 44.
Kd6 Rxb5 45. Nd8+ Kc8 46. Ra8+ Nb8 47. Nc6 c3 48. Nxb8 c2 49. Nd7+ Kb7 50. Rb8+ Ka6 51. Rc8 Rb2 52. Ke7 Kb5 53. Ne5 Ka4 54. Nd3 Ra2 55.
Nc1 Rb2 56. Nd3 Ra2 57. Kxf7 c1=Q 58. Nxc1 Rxf2+ 59. Kxg6 Rf3 60. Kxh5 Rxg3 61. Re8 Kb5 62. Nd3 Kc4 63. Nf4 Kc5 64. Ne6+ Kd6 65. Ng5 Kd7 66. Re6 Rg1 67. Kg6 Rh1 68. h5 Rg1 69. h6 Rh1 70. h7 Rh2 71. Kg7 Rg2 72. Rg6 Re2 73. h8=Q Rxe3 74. Qg8 Re7+ 75. Nf7 Kc7 76. Qd8+ Kb7 77.
Qxe7+ Kc8 78. Rh6 Kb8 79. Rh8# 1-0

[Event "Early-Titled-Tuesday-Blitz-February-06-2024"]
[Site "Chess.com"]
[Date "2024.02.06"]
[Round "8"]
[White "lluiss"]
[Black "Schattman"]
[Result "0-1"]
[WhiteElo "2138"]
[BlackElo "2396"]
[TimeControl "180+1"]
[EndTime "9:29:56 PST"]
[Termination "Schattman won on time"]

1. e4 e5 2. Nf3 Nc6 3. Bb5 Nf6 4. d3 Bc5 5. O-O Nd4 6. Nxd4 Bxd4 7. c3 Bb6 8. Bc4 h6 9. h3 O-O 10. Re1 c6 11.
Bb3 a5 12. a4 Re8 13. Nd2 d5 14. Nf1 dxe4 15. dxe4 Qxd1 16. Bxd1 Be6 17. Be3 Bxe3 18. Rxe3 Red8 19. Bc2 Bc4 20. Ree1 Kf8 21. Rad1 g6 22. Ne3 Ba6 23. Ng4 Nxg4 24. hxg4 g5 25. f3 Ke7 26.
Kf2 Rxd1 27. Rxd1 Rd8 28. Rxd8 Kxd8 29. Ke3 Bf1 30. g3 Bc4 31. b3 Be6 32. Bd1 Kc7 33. f4 f6 34. f5 Bf7 35. Kd3 Kd6 36. b4 b6 37. Bc2 Bg8 38. Bd1 Bf7 39. Bc2 Be8 40.
Bb3 Bd7 41. Bf7 Bc8 42. Bc4 Bb7 43. Ke3 Bc8 44. Kd3 Bd7 45. Ke3 b5 46. Bb3 axb4 47. cxb4 c5 48. bxc5+ Kxc5 49. axb5 Bxb5 50. Bd1 Bc4 51.
Bf3 Kb4 52. Bd1 Kc3 53. Bf3 Bd3 54. Bd1 Bc2 55. Bf3 Bb3 56. Be2 Bc4 57. Bd1 Bd3 58.
Bf3 Bc2 59. Be2 Bb3 60. Bf3 Bc2 61. Be2 Bb1 62. Bd1 Ba2 63. Ba4 Bc4 64. Bd1 Kb2 65. Bf3 Kc2 66. Bg2 Kd1 67. Bh3 Ke1 68. Bg2 Bf1 69. Bf3 Bc4 70. Bg2 Bf1 71. Bf3 Bh3 72. Bh1 Kf1 73. Bf3 Kg1 74. Bd1 Bg2 75. Be2 Kh2 0-1

[Event "Early-Titled-Tuesday-Blitz-February-06-2024"]
[Site "Chess.com"]
[Date "2024.02.06"]
[Round "8"]
[White "DarkAlekhine"]
[Black "manitodeplomo"]
[Result "1-0"]
[WhiteElo "2749"]
[BlackElo "2598"]
[TimeControl "180+1"]
[EndTime "9:29:58 PST"]
[Termination "DarkAlekhine won on time"]

1. e4 c5 2. Nf3 e6 3. d4 cxd4 4. Nxd4 a6 5. Bd3 Bc5 6. Nb3 Be7 7. Qg4 g6 8. Qe2 Nc6 9. O-O d6 10. a4 Nf6 11. Bh6 Ne5 12. h3 Nh5 13. Qe3 Nxd3 14.
cxd3 e5 15. d4 Be6 16. N1d2 Rc8 17. Rac1 Bf8 18. Bxf8 Kxf8 19. d5 Bd7 20. Rxc8 Bxc8 21. Nc4 Nf6 22. Qh6+ Ke7 23. f3 b5 24. axb5 axb5 25.
Nca5 Bd7 26. Qe3 Qb8 27. Rc1 Rc8 28. Rxc8 Qxc8 29. Kh2 Qc2 30. Qd2 Qxd2 31. Nxd2 Kd8 32. b4 Kc7 33. g4 h6 34. h4 g5 35. Kg3 Nh7 36. Nab3 Nf8 37. h5 Nh7 38. Nf1 Nf6 39. Ne3 Ne8 40. Kf2 Kb6 41. Nd2 Nc7 42. Ndf1 Na6 43.
Nc2 Kc7 44. Ke3 Kd8 45. Kd3 Nc7 46. Ng3 Ne8 47. Ne3 Ng7 48. Ne2 Kc7 49. Nd1 Kb6 50. Nf2 Ka6 51. Nh3 f6 52. Ng3 Kb6 53. Nf2 Kc7 54. Ke3 Kb7 55. Ne2 Kc7 56. Nd1 Kb7 57.
Ndc3 Kc7 58. Ng3 Kb6 59. Kd3 Kc7 60. Nf5 Bxf5 61. exf5 Kb6 62. Ne4 Ne8 63. Kc3 Ka6 64. Kb3 Kb6 65. Kc2 Ka6 66. Kd3 Kb6 67. Nd2 Ka6 68.
Nb3 Kb6 69. Ke4 Ka6 70. Na5 Kb6 71. Nc6 Kc7 72. Ne7 Kd7 73. Ng8 1-0

[Event "Early-Titled-Tuesday-Blitz-February-06-2024"]
[Site "Chess.com"]
[Date "2024.02.06"]
[Round "8"]
[White "malakismayil"]
[Black "maximnovik"]
[Result "1-0"]
[WhiteElo "2512"]
[BlackElo "2590"]
[TimeControl "180+1"]
[EndTime "9:29:58 PST"]
[Termination "malakismayil won by checkmate"]

1. e4 c6 2. d4 d5 3. Nc3 dxe4 4.
Nxe4 Bf5 5. Ng3 Bg6 6. h4 h6 7. h5 Bh7 8. Nf3 e6 9. Bd3 Bxd3 10.
Qxd3 Nf6 11. Bd2 c5 12. O-O-O Nc6 13. Be3 Qa5 14. a3 O-O-O 15. Qb3 Be7 16. Qc4 b5 17.
Qa2 c4 18. Bd2 Qb6 19. Be3 Rd5 20. Ne5 Rf8 21. Nxc6 Qxc6 22. Ne2 Rxh5 23. Rxh5 Nxh5 24. f3 Nf6 25. Nc3 Bd6 26. a4 b4 27. Nb5 Bb8 28. d5 Nxd5 29. Bxa7 Rd8 30. Rd4 b3 31. Qa3 Be5 32. Bc5 Kb7 33. Rxc4 Bf4+ 34. Kb1 Nb6 35. Qxb3 Ka6 36. Rxf4 Rd1+ 37. Ka2 Nd5 38. Rc4 Nf6 39. Nc3 Rd7 40. Qb5+ Qxb5 41. axb5+ Kb7 42. Bd4 Nd5 43. Nxd5 Rxd5 44. Bxg7 Rxb5 45. Bxh6 Ra5+ 46. Kb3 Rh5 47. Rb4+ Kc6 48. Be3 f5 49. Rc4+ Kd7 50. g4 Rh3 51. gxf5 Rxf3 52. fxe6+ Kxe6 53. Rc3 Kd5 54.
Rd3+ Ke4 55. Bc5 Rf7 56. Kc4 Ke5 57. Re3+ Kf4 58. b4 Rh7 59. b5 Rh2 60. c3 Rb2 61.
Rd3 Ke4 62. Rd4+ Ke5 63. b6 Ke6 64. Rd6+ Ke5 65. Rd7 Ke6 66. Re7+ Kf6 67. b7 Rb1 68. Kd5 Rd1+ 69. Kc6 Rb1 70. Kc7 Rb5 71. b8=Q Rxc5+ 72. Kb6 Rxc3 73. Qe5+ Kg6 74. Rg7+ Kh6 75. Qg5# 1-0

[Event "Early-Titled-Tuesday-Blitz-February-06-2024"]
[Site "Chess.com"]
[Date "2024.02.06"]
[Round "8"]
[White "Rikikits"]
[Black "Marcan2b"]
[Result "1/2-1/2"]
[WhiteElo "2857"]
[BlackElo "3016"]
[TimeControl "180+1"]
[EndTime "9:30:02 PST"]
[Termination "Game drawn - insufficient material"]

1. d4 Nf6 2. Nf3 c5 3. d5 g6 4. Nc3 d6 5. e4 Bg7 6. Bb5+ Bd7 7. a4 a6 8. Be2 Bg4 9. Nd2 Bxe2 10. Qxe2 Nbd7 11.
Nc4 O-O 12. O-O Nb6 13. Ne3 e6 14. a5 Nbd7 15. dxe6 fxe6 16. Rd1 Qe7 17. Nc4 Ne8 18. Be3 Ne5 19. Na4 Nxc4 20. Qxc4 Be5 21. g3 g5 22. Nb6 Rd8 23. c3 Ng7 24. Qe2 Bf6 25. Rd2 Qc7 26. Rad1 Be7 27. Qc4 Qc6 28. h3 h6 29. b4 cxb4 30. Qxc6 bxc6 31. cxb4 d5 32.
Bc5 Bxc5 33. bxc5 Ne8 34. Nc4 Rc8 35. Ne5 Nf6 36. exd5 exd5 37. Rb2 Ne4 38. Rb7 Rxf2 39. Rdb1 Rcf8 40. Nxc6 R2f6 41. Ne7+ Kh8 42. Nxd5 Rf3 43. Rb8 Nxc5 44. Rxf8+ Rxf8 45. Rb6 Rf3 46. Kg2 Rd3 47. Rxh6+ Kg7 48. Rd6 Ne4 49. Rd7+ Kf8 50. Nb6 Rxg3+ 51. Kh2 Ra3 52. Rd4 Ra2+ 53. Kg1 Ng3 54. Rd5 Ne2+ 55.
Kf1 Ng3+ 56. Ke1 Ne4 57. Re5 Nc3 58. Rxg5 Kf7 59. Kf1 Ne4 60. Re5 Nd2+ 61. Kf2 Nb3+ 62. Re2 Rxa5 63. Nc4 Rf5+ 64. Ke1 Nc5 65. Kd2 Kf6 66.
Ne3 Rf3 67. Ng4+ Kg5 68. Re3 Rf5 69. Re5 Nd7 70. Rxf5+ Kxf5 71. Ne3+ Ke4 72. Nc4 Nc5 73. Nb2 Kd4 74. Kc2 a5 75. h4 Ne4 76. h5 Ng5 77. h6 Nh7 78. Kb3 Ke5 79. Ka4 Kf6 80.
Kxa5 Kg6 81. Na4 Kxh6 1/2-1/2

[Event "Early-Titled-Tuesday-Blitz-February-06-2024"]
[Site "Chess.com"]
[Date "2024.02.06"]
[Round "8"]
[White "yosephtaher"]
[Black "Sanyura"]
[Result "1-0"]
[WhiteElo "2891"]
[BlackElo "2682"]
[TimeControl "180+1"]
[EndTime "9:30:04 PST"]
[Termination "yosephtaher won by resignation"]

1. d4 Nf6 2. Nc3 d5 3. Bf4 a6 4. e3 c5 5. Nf3 Nc6 6. dxc5 Bg4 7.
h3 Bh5 8. g4 Bg6 9. a3 e6 10.
b4 h5 11. g5 Ne4 12. Nxe4 Bxe4 13. Bd3 Bxf3 14. Qxf3 e5 15. Bg3 e4 16. Bxe4 dxe4 17.
Qxe4+ Qe7 18. Qf4 Qe6 19. h4 Be7 20. Qc7 Qd7 21. Qxd7+ Kxd7 22. Rd1+ Ke6 23. e4 f5 24. gxf6 gxf6 25. Ke2 Rad8 26. Ke3 f5 27. c4 Bf6 28.
Rd5 fxe4 29. Kxe4 Ne7 30. Rd6+ Rxd6 31. cxd6 Nf5 32. c5 Rg8 33. Re1 Nxg3+ 34. fxg3 Be5 35. Rf1 Rg4+ 36. Kd3 Rxg3+ 37. Kc2 Rxa3 38. Rf8 Rc3+ 39.
Kd2 Rc4 40. Re8+ Kf5 41. Ke3 Re4+ 42. Kf3 Rf4+ 43. Ke3 Bd4+ 44. Kd3 Bf6 45. Rf8 Rxb4 46. Ke3 Ke6 47. Rc8 Bxh4 48. Rc7 Bg5+ 49. Kd3 h4 50. Kc3 Rb1 51. Rh7 Bf6+ 52. Kc4 Rc1+ 53. Kb4 Kd5 54. d7 Rc4+ 55. Kb3 Kxc5 56. Rh5+ Kb6 57. Kxc4 Kc7 58. Rh7 b5+ 59. Kc5 Bd8 60. Kd5 a5 61. Ke6 b4 62.
Rh5 Kb6 63. Rh8 Kc7 64. Rh5 Kb6 65. Kd6 b3 66. Rh8 Bf6 67. Rb8+ Ka7 68. Rxb3 a4 69. Ra3 Kb6 70. Rxa4 h3 71. Rf4 Bd8 72. Rf8 Bc7+ 73.
Ke6 h2 74. Rh8 Kc6 75. Rxh2 Bxh2 76. d8=Q Bc7 77. Qd5+ Kb6 78. Kd7 Ka7 79. Kxc7 Ka6 80.
Qe5 1-0

[Event "Early-Titled-Tuesday-Blitz-February-06-2024"]
[Site "Chess.com"]
[Date "2024.02.06"]
[Round "8"]
[White "CFalcons8"]
[Black "andrzej"]
[Result "1-0"]
[WhiteElo "2335"]
[BlackElo "2421"]
[TimeControl "180+1"]
[EndTime "9:30:08 PST"]
[Termination "CFalcons8 won by checkmate"]

1. e4 e5 2. Nf3 Nf6 3. Nxe5 d6 4. Nf3 Nxe4 5. Nc3 Nxc3 6. dxc3 Be7 7. Be3 Nd7 8. Qd2 Ne5 9. Nd4 O-O 10. h3 c5 11. Nb3 a5 12. f4 Nc6 13. a4 Bh4+ 14.
Kd1 Re8 15. Bb5 Bf5 16. Kc1 Qe7 17. Bf2 Bxf2 18. Qxf2 h6 19. g4 Be4 20. Re1 Qf6 21.
Nd2 Bh7 22. Rxe8+ Rxe8 23. Bd3 Bxd3 24. cxd3 Ne5 25. Kc2 Ng6 26. f5 Ne5 27. Ne4 Qd8 28.
f6 Nxd3 29. Kxd3 c4+ 30. Kxc4 d5+ 31. Kb3 dxe4 32. fxg7 Qd5+ 33. Ka3 e3 34. Qe2 Qc5+ 35. Ka2 Rd8 36. Re1 Re8 37. Qb5 Qxb5 38. axb5 Kxg7 39. Kb3 h5 40. gxh5 f5 41. Kc2 f4 42. Kd3 Re5 43. c4 b6 44. Ke2 Kf6 45. Kf3 Kf5 46.
h6 Re7 47. Rd1 Rc7 48. Rd4 Re7 49. Rxf4+ Kg6 50. Rg4+ Kxh6 51. Ke2 a4 52. Rg8 Re4 53. Rc8 Kh5 54. Rc6 Kh4 55. Rh6+ Kg5 56. Rxb6 Rxc4 57. Kxe3 Rb4 58. Rb8 Rb3+ 59. Kd4 Rxh3 60. b6 Rb3 61. b7 Rxb2 62. Rg8+ Kf6 63. b8=Q Rxb8 64. Rxb8 a3 65. Ra8 a2 66. Rxa2 Ke6 67. Re2+ Kd6 68. Re5 Kd7 69.
Kc5 Kd8 70. Kc6 Kc8 71. Re8# 1-0

[Event "Early-Titled-Tuesday-Blitz-February-06-2024"]
[Site "Chess.com"]
[Date "2024.02.06"]
[Round "8"]
[White "Iskusnyh"]
[Black "SHIVACalypso"]
[Result "1-0"]
[WhiteElo "2648"]
[BlackElo "2505"]
[TimeControl "180+1"]
[EndTime "9:30:10 PST"]
[Termination "Iskusnyh won by checkmate"]

1. d4 Nf6 2. c4 e6 3. g3 Bb4+ 4. Nd2 d5 5. Bg2 O-O 6. Nf3 dxc4 7. Qc2 Nc6 8. Qxc4 Ne4 9. e3 e5 10. d5 Nxd2 11. Nxd2 Bxd2+ 12. Bxd2 Ne7 13. Bc3 c6 14. dxc6 Nxc6 15. O-O Be6 16. Qb5 Qb6 17. Qxb6 axb6 18. a3 Rfd8 19. Rfd1 f6 20. h4 Bb3 21.
Rxd8+ Rxd8 22. Rc1 Kf7 23. Kf1 Bd5 24. f3 Bc4+ 25. Kf2 Bb3 26. Bf1 g6 27. g4 h5 28.
gxh5 gxh5 29. Be2 Rg8 30. Rh1 Bd5 31. Rd1 Ke6 32. Bd3 Ne7 33. Bb5 Bc6 34. Bc4+ Bd5 35. Rxd5 Nxd5 36. e4 Rg7 37. Bxd5+ Kd6 38. a4 Kc5 39.
b4+ Kd6 40. Bd2 Rc7 41. Be3 Rc2+ 42. Kg3 Rb2 43. a5 bxa5 44. Bc5+ Kc7 45. bxa5 Rb5 46.
Bb6+ Kc8 47. Be6+ Kb8 48. Bf7 Rb1 49. Bxh5 Rh1 50. Bg4 Rd1 51. h5 Rh1 52. Bh3 Rc1 53.
h6 Rd1 54. h7 Rd8 55. Be6 Rh8 56. Bg8 Kc8 57. Kg4 Kd7 58. Kh5 Ke8 59. Kg6 Kf8 60.
Bc5+ Ke8 61. Kg7 f5 62. Kxh8 f4 63. Kg7 b6 64. h8=Q Kd7 65. Bd5 bxc5 66. Kf6 Kd6 67. Qg7 c4 68. Qe7# 1-0

[Event "Early-Titled-Tuesday-Blitz-February-06-2024"]
[Site "Chess.com"]
[Date "2024.02.06"]
[Round "8"]
[White "Rud_Makarian"]
[Black "FontVella8"]
[Result "0-1"]
[WhiteElo "3009"]
[BlackElo "2774"]
[TimeControl "180+1"]
[EndTime "9:30:11 PST"]
[Termination "FontVella8 won by resignation"]

1. d4 d5 2. c4 e6 3. Nf3 Nf6 4. Nc3 c5 5. cxd5 Nxd5 6. e4 Nxc3 7. bxc3 cxd4 8. cxd4 Bb4+ 9. Bd2 Bxd2+ 10. Qxd2 O-O 11.
Bc4 Nd7 12. O-O b6 13. Rfe1 Bb7 14. Rad1 Rc8 15. Bb3 h6 16. d5 Nc5 17. Bc2 exd5 18. exd5 Qf6 19. Re3 Rfd8 20. d6 g6 21. Ne5 Qg5 22. f4 Qxf4 23. Rf1 Rxd6 24. Qe2 Qd4 25. Rd1 Qxd1+ 26. Bxd1 Rcd8 27. Bc2 Rd2 28. Qc4 Rxg2+ 29. Kf1 Ba6 30. Kxg2 Rd2+ 31. Kg1 Bxc4 32. Bxg6 fxg6 33. Nxc4 Rxa2 34. Re7 Kf8 35. Rh7 b5 36. Nd6 b4 37.
Rf7+ Kg8 38. Rc7 b3 39. Nc4 Rc2 40. Na3 b2 41. Rxa7 Rc3 42. Ra8+ Kg7 43. Rb8 Rxa3 44. Rxb2 Rd3 45. Rb5 Rd5 46. Ra5 Kf6 47. Ra8 Kf5 48. Rf8+ Kg5 49. Kg2 Rf5 50. Rc8 Nd3 51. Rd8 Nf4+ 52. Kg3 Nh5+ 53. Kg2 Rf4 54. Ra8 Nf6 55. Ra5+ Rf5 56. Ra8 h5 57. Ra4 h4 58. Kh3 Rc5 59. Kg2 Rc2+ 60. Kh3 Rc3+ 61. Kg2 Kh5 62. Ra8 g5 63.
Ra4 Nd5 64. Ra8 Nf4+ 65. Kf2 Kg4 66. Ra2 Kh3 67. Kg1 Rc1+ 68. Kf2 Rh1 69. Kf3 Rxh2 70. Ra5 Rg2 71. Ra1 Rg3+ 72. Ke4 Kg4 73. Ke5 h3 74. Kf6 h2 75. Ra5 h1=Q 76. Rxg5+ Kf3 77. Ra5 Qh6+ 78.
Ke7 Rg7+ 0-1

[Event "Early-Titled-Tuesday-Blitz-February-06-2024"]
[Site "Chess.com"]
[Date "2024.02.06"]
[Round "8"]
[White "vishwa_vijeta"]
[Black "Nikolakis2014"]
[Result "0-1"]
[WhiteElo "2577"]
[BlackElo "2736"]
[TimeControl "180+1"]
[EndTime "9:30:14 PST"]
[Termination "Nikolakis2014 won by checkmate"]

1. e4 c5 2. Nf3 Nc6 3. d4 cxd4 4.
Nxd4 e5 5. Nb5 d6 6. c4 Be7 7. N1c3 a6 8. Na3 f5 9. exf5 Bxf5 10.
Bd3 Be6 11. O-O Nf6 12. Ne4 Qd7 13. b3 O-O 14. Nc2 Rae8 15. Bb2 Bf5 16. Nxf6+ gxf6 17. Ne3 Bxd3 18. Qxd3 f5 19. Nd5 Bd8 20. f4 Qg7 21.
fxe5 Nxe5 22. Qc2 Qg5 23. Rad1 Re6 24. c5 dxc5 25. Nf4 Ree8 26. Qxc5 Ng4 27. Qc4+ Rf7 28. Rd7 Bb6+ 29. Bd4 Bxd4+ 30. Qxd4 Qf6 31. Qxf6 Nxf6 32. Rxf7 Kxf7 33. Rc1 Re7 34. Rc5 Re1+ 35. Kf2 Ra1 36. Rc7+ Ke8 37. Rxb7 Rxa2+ 38. Kf3 Ne4 39. g4 Ng5+ 40.
Kg3 Ne4+ 41. Kf3 Ng5+ 42. Kg3 Ne4+ 43. Kh3 Rf2 44. Ne6 Rf3+ 45. Kh4 f4 46. Ng7+ Kd8 47.
Ne6+ Kc8 48. Rf7 Rf2 49. h3 f3 50. Nd4 Nd2 51. Kg3 Rg2+ 52. Kh4 f2 53. Nf5 f1=Q 54.
Nd6+ Kb8 55. Rxf1 Nxf1 56. Nf5 Rh2 57. g5 Kb7 58. Kg4 Kc6 59. h4 Kb5 60. h5 Kb4 61.
Kf3 Rxh5 62. Kg4 Rh1 63. Kf4 Kxb3 64. Nh6 Kc4 65. Kf5 Ne3+ 66. Kf6 Nd5+ 67. Kg7 Nf4 68. Kxh7 a5 69. Kg7 a4 70. Ng4 a3 71. Nf2 a2 72.
Nxh1 a1=Q+ 73. Kh7 Qa7+ 74. Kh6 Qb6+ 75. g6 Qxg6# 0-1

[Event "Early-Titled-Tuesday-Blitz-February-06-2024"]
[Site "Chess.com"]
[Date "2024.02.06"]
[Round "8"]
[White "Caroexpert"]
[Black "AlexTruskavetsky"]
[Result "0-1"]
[WhiteElo "2575"]
[BlackElo "2730"]
[TimeControl "180+1"]
[EndTime "9:30:15 PST"]
[Termination "AlexTruskavetsky won on time"]

1. d4 Nf6 2. Nf3 e6 3. Bf4 b5 4. e3 a6 5. a4 b4 6. Bd3 Bb7 7. O-O d6 8. Nbd2 Nbd7 9. c3 Qe7 10. e4 e5 11. Bg3 c5 12. cxb4 cxd4 13. Nc4 g6 14. Nfd2 Bg7 15. Na5 Nb6 16. Nxb7 Qxb7 17. a5 Nc8 18. Qa4+ Ke7 19. f4 Nh5 20. Bh4+ f6 21.
fxe5 dxe5 22. b5 Nf4 23. Qa3+ Ke8 24. bxa6 Qe7 25. Bb5+ Kd8 26. Qb3 Rb8 27. Rxf4 exf4 28. Qd5+ Qd6 29. a7 Rxb5 30. Qxb5 Nxa7 31. Qb7 Qd7 32. Qb6+ Ke7 33. e5 Nc6 34. Re1 Rb8 35.
exf6+ Kf7 36. Qc5 Bxf6 37. Bxf6 Kxf6 38. Ne4+ Kg7 39. Ng5 Re8 40. Rxe8 Qxe8 41. h3 d3 42. Qc3+ Kh6 43. Nf3 Qe3+ 44. Kh2 d2 45. Qxd2 Qxd2 46. Nxd2 Nxa5 47. b4 Nb7 48. b5 Kg5 49. g3 Kf5 50. gxf4 Kxf4 51. Kg2 g5 52. Nf3 h5 53. Nd4 Ke4 54. Ne6 Kf5 55. Nd4+ Ke5 56. Nf3+ Kf4 57.
Nd4 Nc5 58. b6 Nb7 59. Ne6+ Kf5 60. Nd4+ Ke5 61. Nf3+ Kf4 62. Nd4 Ke5 63. Nf3+ Kf6 64. Kg3 Nd6 65. Nd4 Ke5 66. Nf3+ Kf5 67. Nd4+ Ke4 68.
Nf3 Kf5 69. Nd4+ Kf6 70. Nf3 Nb7 71. Kf2 Nd6 72. Ke2 Kf5 73. Kd3 Kf4 74. Nxg5 Kxg5 75.
Kd4 Nb7 76. Kd5 Kh4 77. Kc6 Nd8+ 78. Kc7 Ne6+ 79. Kd6 Nd4 80. b7 Kxh3 81. b8=Q Nf5+ 0-1

[Event "Early-Titled-Tuesday-Blitz-February-06-2024"]
[Site "Chess.com"]
[Date "2024.02.06"]
[Round "8"]
[White "DonkyDonkyDonkey"]
[Black "The_Machine04"]
[Result "1-0"]
[WhiteElo "2909"]
[BlackElo "2705"]
[TimeControl "180+1"]
[EndTime "9:30:19 PST"]
[Termination "DonkyDonkyDonkey won on time"]

1. d4 d6 2. e4 Nf6 3. Nc3 e5 4. Nf3 Nbd7 5. Rg1 c6 6. g4 h6 7. Be3 b5 8. a3 Be7 9. d5 Bb7 10. g5 hxg5 11. Nxg5 cxd5 12. exd5 a6 13. Qf3 Rc8 14.
Qg3 Nh5 15. Qg4 Ndf6 16. Qf5 g6 17. Qd3 Rxc3 18. bxc3 Bxd5 19. a4 Bc4 20. Qd2 Qc8 21. axb5 axb5 22. Bxc4 bxc4 23. Qe2 O-O 24. Ra7 Re8 25.
Qf3 d5 26. Kf1 Qb8 27. Kg2 d4 28. Rb7 Qd8 29. cxd4 exd4 30. Rd1 d3 31. cxd3 cxd3 32. Rb3 Qd5 33. Rbxd3 Qxf3+ 34. Kxf3 Nh7 35. Nxh7 Kxh7 36.
Rd7 Kg7 37. Rb7 Nf6 38. Bd4 Kf8 39. Rxe7 Kxe7 40. Bb2 Ke6 41. Ra1 Nh5 42. Ra6+ Kd7 43.
Ra7+ Ke6 44. Ra5 Rb8 45. Be5 Rb3+ 46. Kg2 Rd3 47. Bb8 Rd5 48. Ra6+ Kf5 49. Ra7 f6 50.
Ra4 g5 51. Rb4 Kg6 52. Bc7 Rc5 53. Rb7 Rd5 54. Bb8 Rc5 55. Rd7 Rc4 56. h3 Ng7 57. Rd6 Nf5 58. Rb6 Nh4+ 59. Kh2 Rc2 60. Bg3 Nf3+ 61. Kg2 Ne1+ 62. Kf1 Nf3 63. Kg2 Ne1+ 64.
Kf1 Nf3 65. Ra6 Kf5 66. Ra5+ Ne5 67. Kg2 Re2 68. h4 gxh4 69. Bxh4 Rc2 70. Ra6 Rc6 71. Ra5 Ke6 72. Bg3 Kf5 73. f4 Rc2+ 74. Kh3 Re2 75. fxe5 fxe5 76. Ra8 Ke4 77. Kg4 Kd3 78. Rd8+ Ke4 79.
Bxe5 Rg2+ 80. Bg3 Ra2 81. Re8+ Kd5 82. Kf5 Ra3 83. Bf4 Ra1 84. Rd8+ Kc4 85. Rd2 Kc3 86. Rd7 Kc4 87. Ke4 Ra6 88. Rc7+ 1-0